 Dungeon Crawl Stone Soup version 0.27-a0-1565-gad902ab807 (webtiles) character file.

Game seed: 15362547915145910042

42 mordus the Magician (level 3, -3/27 HPs)
             Began as a Djinni Fire Elementalist on July 16, 2021.
             Slain by Robin (6 damage)
             ... on level 2 of the Dungeon.
             The game lasted 00:04:01 (1922 turns).

mordus the Magician (Djinni Fire Elementalist)      Turns: 1922, Time: 00:04:02

Health: -3/27      AC:  3    Str:  7    XL:     3   Next: 77%
Gold:   38         EV: 12    Int: 17    God:
                   SH:  0    Dex: 13

rFire    + + .     SeeInvis .   b - +4 whip
rCold    x . .     Faith    .   (no shield)
rNeg     . . .     Spirit   .   a - +1 robe
rPois    ∞         Reflect  .   (no helmet)
rElec    .         Harm     .   (no cloak)
rCorr    .         Rampage  .   (no gloves)
Will     .....                  (boots unavailable)
Stlth    ++........             (no amulet)
HPRegen  0.09/turn              (no ring)
MPRegen  0.00/turn              (no ring)

@: flying
A: sickness immunity, fire resistance 2, cold vulnerability 1, float, innate
caster, hp casting, extra vitality 1
a: no special abilities


You were on level 2 of the Dungeon.
You visited 1 branch of the dungeon, and saw 2 of its levels.

You collected 38 gold pieces.

Inventory:

Hand Weapons
 b - a +4 whip (weapon)
Missiles
 d - 6 atropa-tipped darts
Armour
 a - a +1 robe (worn)
Wands
 c - a wand of mindburst (16)
Scrolls
 e - a scroll of identify {unknown}
Potions
 f - a potion of mutation {unknown}


   Skills:
 + Level 1.2 Fighting
 + Level 2.8 Dodging
 - Level 1.5 Stealth
 * Level 3.0 Spellcasting


You couldn't memorise any spells.
You knew the following spells:

 Your Spells              Type           Power      Damage    Failure   Level
a - Foxfire               Conj/Fire      48%        2x1d6     4%          1
b - Conjure Flame         Conj/Fire      12%        6-21      16%         3
c - Inner Flame           Hex/Fire       12%        N/A       16%         3
d - Sticky Flame          Conj/Fire      12%        2d4       45%         4
e - Fireball              Conj/Fire      6%         3d5       80%         5
f - Magic Dart            Conj           48%        1d5       4%          1
Your spell library was empty.

Dungeon Overview and Level Annotations

Branches:
Dungeon (2/15)

Altars:

Annotations:
D:2 1 runed translucent door, Crazy Yiuf, Robin, Sigmund


Innate Abilities, Weirdness & Mutations

You are immune to sickness and miasma.
You are immune to poison.
Your flesh is very heat resistant. (rF++)
You are vulnerable to cold. (rC-)
You float through the air rather than walking.
You learn spells naturally, not from books.
Your magical power is your life essence.
You have superior vitality. (+4 HP)


Message History

Confirm with . or Enter, or press ? or * to list all spells.
The spell is quite dangerous to cast (16% risk of failure)!
Continue anyway?
You miscast Conjure Flame.
You are very lightly contaminated with residual magic.
Nothing appears to happen.
Robin barely misses you. Robin closely misses you.
Casting: Conjure Flame (quite dangerous; 16% risk of failure)
Confirm with . or Enter, or press ? or * to list all spells.
You miscast Foxfire.
Nothing appears to happen.
Robin hits you with a +0 falchion. The hobgoblin hits you.
Robin hits you with a +0 falchion.
* * * LOW HITPOINT WARNING * * *
Robin says, "My goblins will feast on your bones."
The hobgoblin no longer looks unusually strong.
Robin roars a battlecry!
The hobgoblin goes into a battle-frenzy!
Casting: Foxfire (safe; 4% risk of failure)
Confirm with . or Enter, or press ? or * to list all spells.
You conjure some foxfire!
* * * LOW HITPOINT WARNING * * *
The foxfire hits Robin.
Robin is lightly wounded.
The foxfire hits Robin.
Robin is heavily wounded.
Robin closely misses you. Robin barely misses you.
Your magical contamination has completely faded away.
Casting: Foxfire (safe; 4% risk of failure)
Confirm with . or Enter, or press ? or * to list all spells.
You conjure some foxfire!
* * * LOW HITPOINT WARNING * * *
Robin hits you with a +0 falchion.
* * * LOW HITPOINT WARNING * * *
Robin says, "Kneel, worm!"
Robin misses you.
Your foxfire dissipates!
The foxfire hits Robin but does no damage.
Robin is heavily wounded.
Robin hits you with a +0 falchion.
You die...

....'..................
....###....#.######.##.
....###...##)##........
............)##....###.
.#########.#.##........
..........§.......###.
###.###§#.#.####..#...
#.#.g.#+#.#.....#.#.
#.#@##g...+.......#.
###+###....+...##.....###.
#.......#.##...######.....
#.......#.###########.###.
#.......#.................
#.......###...########.##.
#.......'.'....# ####..#.
.#.......###....# #.......
...........####.#
##+###.#.


You could see Robin (fast).

Vanquished Creatures
  2 adders (D:2)
  4 goblins (D:2)
  7 hobgoblins (D:2)
  3 kobolds
  A quokka (D:1)
  2 bats
  3 rats
22 creatures vanquished.

Vanquished Creatures (others)
  49 foxfires
49 creatures vanquished.

Grand Total: 71 creatures vanquished

Notes
Turn   | Place    | Note
-------+----------+-------------------------------------------
     0 | D:1      | mordus the Djinni Fire Elementalist began the quest for the
                  | Orb.
     0 | D:1      | Reached XP level 1. HP: 15/15 MP: 0/0
    58 | D:1      | Found a faded altar of an unknown god.
   886 | D:2      | Reached XP level 2. HP: 14/22 MP: 0/0
   890 | D:2      | Reached skill level 1 in Fighting
   890 | D:2      | Reached XP level 3. HP: 13/27 MP: 0/0
   890 | D:2      | Learned a level 1 spell: Magic Dart
   896 | D:2      | Noticed Sigmund
  1369 | D:2      | Reached skill level 3 in Spellcasting
  1706 | D:2      | Found a runed translucent door.
  1707 | D:2      | Noticed Crazy Yiuf
  1895 | D:2      | Noticed Robin
  1922 | D:2      | Slain by Robin

Illustrated notes

Levels and vault maps discovered:
D:1:      sevenhm_arrival_forest_fort_large_3, layout_loops_ring,
          shapermc_ecumenical_altar_venn, nrook_campfire
D:2:      layout_basic, uniq_crazy_yiuf_cottage, uniq_sigmund, uniq_robin

Skill      XL: |  1  2  3 |
---------------+----------+-----
Fighting       | 1 |  1.2
Spellcasting   | 3 |  3.0
Dodging        | |  2.8
Stealth        | |  1.5

Action                   || total
-------------------------++-------
Melee: Short sword       ||     3
       Unarmed           ||     3
       Whip              ||     4
 Cast: Foxfire           ||    32
       Conjure Flame     ||     3
  Use: Scroll            ||     2
Armor: Robe              ||     5
Dodge: Dodged            ||    18

Table legend: (Time is in decaauts)
 A = Elapsed time spent in this place.
 B = Non-inter-level travel time spent in this place.
 C = Inter-level travel time spent in this place.
 D = Time resting spent in this place.
 E = Time spent auto-exploring this place.
 F = Levels seen in this place.
 G = Mean time per level.
                   A        B        C        D        E       F      G
               +--------+--------+--------+--------+--------+-----+--------+
         Total |   1922 |   1895 |     27 |    457 |   1163 |   2 |  961.0 |
       Dungeon |   1922 |   1895 |     27 |    457 |   1163 |   2 |  961.0 |
               +--------+--------+--------+--------+--------+-----+--------+

Top non-repeatable levels by time:
     D:1: 1246 daAuts
     D:2: 676 daAuts
